[ AOE2 MATCH · #463536227 ]
Team RMFranks vs Gurjaras
[ REPLAY ANALYSIS · EXTRACTED FROM THE RECORDED GAME ]
Feudal
15:09
Castle
19:21
Imperial
44:13
| APM avg | 12.1 |
| APM peak | 33 |
| eAPM avg | 9.2 |
| Villagers / military | 193 / 22 |
Focus
⚔️ 23.4% · 🌾 76.6%
Mangonel ×12 · Throwing Axeman ×10
Feudal
—
Castle
—
Imperial
—
| APM avg | 35.3 |
| APM peak | 123 |
| eAPM avg | 23.2 |
| Villagers / military | 139 / 206 |
Focus
⚔️ 31.0% · 🌾 69.0%
Hand Cannoneer ×132 · Elephant Archer ×49 · Armored Elephant ×19 · Monk ×6
Feudal
15:27
Castle
19:24
Imperial
34:38
| APM avg | 35.8 |
| APM peak | 167 |
| eAPM avg | 22.5 |
| Villagers / military | 150 / 404 |
Focus
⚔️ 32.7% · 🌾 67.3%
Spearman ×367 · Samurai ×22 · Trebuchet (Packed) ×15
Feudal
17:05
Castle
27:29
Imperial
41:12
| APM avg | 14.0 |
| APM peak | 33 |
| eAPM avg | 10.2 |
| Villagers / military | 115 / 16 |
Focus
⚔️ 27.6% · 🌾 72.4%
Unknown (2550) ×305 · Battering Ram ×16 · Unknown (2586) ×8
Feudal
16:41
Castle
21:50
Imperial
37:24
| APM avg | 12.7 |
| APM peak | 84 |
| eAPM avg | 9.0 |
| Villagers / military | 92 / 43 |
Focus
⚔️ 28.0% · 🌾 72.0%
Knight ×41 · Mangonel ×1 · Scout Cavalry ×1
Feudal
10:40
Castle
14:17
Imperial
31:32
| APM avg | 28.1 |
| APM peak | 89 |
| eAPM avg | 19.8 |
| Villagers / military | 270 / 409 |
Focus
⚔️ 33.3% · 🌾 66.7%
Camel Scout ×150 · Steppe Lancer ×138 · Scout Cavalry ×95 · Mangudai ×20 · Trade Cart ×13 · Trebuchet (Packed) ×3
Feudal
14:55
Castle
19:31
Imperial
32:35
| APM avg | 19.1 |
| APM peak | 68 |
| eAPM avg | 16.7 |
| Villagers / military | 129 / 233 |
Focus
⚔️ 42.0% · 🌾 58.0%
Hand Cannoneer ×107 · Knight ×96 · Bombard Cannon ×17 · Trebuchet (Packed) ×11 · Trade Cart ×10 · Mangonel ×2
Feudal
23:42
Castle
29:54
Imperial
45:12
| APM avg | 15.9 |
| APM peak | 45 |
| eAPM avg | 10.5 |
| Villagers / military | 153 / 30 |
Focus
⚔️ 18.8% · 🌾 81.2%
Scorpion ×18 · Mangonel ×11 · Militia ×1
Match map
Initial resources + every placement click. Lines = walls · curves = elevation contours. ◆ gold · ⬟ stone · ● berries · ✦ relic · ◌ wall gap
Your base· ✓ Closed at 19:21 · 71t walls · 1 gate(s)
Lalopecia Chila's base· ✓ Closed at 16:40 · 27t walls · fragile
.cHikaNo.'s base· ✓ Closed at 19:24 · 63t walls · 2 gate(s)
Arizona's base· Open — opponent sealed themselves in
ComandanteSierra's base· ✓ Closed at 21:50 · 74t walls · 2 gate(s)
TheHoaN's base· ✓ Closed at 14:17 · 0t walls · fragile
® BLACK WOLF ®'s base· ✓ Closed at 19:31 · 67t walls · fragile
Lord VanZaldua's base· ✓ Closed at 29:54 · 51t walls · 2 gate(s)
Smoothed initial terrain · ◌ = detected wall gap · hover for details
Inputs per minute
— jorqe111 - - Lalopecia Chila
Build order — jorqe111
First 150 of 273 actions detected
| 0:01 | Create | Villager (Male) |
| 0:02 | Create | Villager (Male) |
| 0:02 | Build | House |
| 0:05 | Build | House |
| 0:07 | Create | Villager (Male) |
| 0:07 | Create | Villager (Male) |
| 0:29 | Research | Loom |
| 0:30 | Create | Villager (Male) |
| 0:30 | Create | Villager (Male) |
| 0:55 | Build | Palisade Wall |
| 2:06 | Create | Villager (Male) |
| 2:06 | Create | Villager (Male) |
| 2:57 | Create | Villager (Male) |
| 3:53 | Create | Villager (Male) |
| 4:11 | Build | House |
| 4:15 | Create | Villager (Male) |
| 4:35 | Build | Palisade Wall |
| 4:41 | Create | Villager (Male) |
| 5:20 | Build | House |
| 5:28 | Build | House |
| 5:37 | Build | Palisade Wall |
| 5:51 | Create | Villager (Male) |
| 5:51 | Create | Villager (Male) |
| 6:11 | Build | Palisade Wall |
| 6:13 | Create | Villager (Male) |
| 6:13 | Create | Villager (Male) |
| 6:24 | Build | House |
| 6:38 | Create | Villager (Male) |
| 6:38 | Create | Villager (Male) |
| 6:55 | Create | Villager (Male) |
| 6:56 | Create | Villager (Male) |
| 7:10 | Create | Villager (Male) |
| 7:34 | Build | Palisade Wall |
| 7:43 | Create | Villager (Male) |
| 7:59 | Build | Palisade Wall |
| 8:05 | Create | Villager (Male) |
| 8:05 | Create | Villager (Male) |
| 8:58 | Build | House |
| 8:59 | Build | House |
| 9:00 | Build | House |
| 9:07 | Build | Palisade Wall |
| 9:09 | Build | Palisade Wall |
| 9:25 | Create | Villager (Male) |
| 9:31 | Build | Mill |
| 9:54 | Create | Villager (Male) |
| 11:03 | Build | Lumber Camp |
| 11:18 | Build | Mining Camp |
| 11:19 | Create | Villager (Male) |
| 11:20 | Create | Villager (Male) |
| 11:20 | Create | Villager (Male) |
| 11:20 | Create | Villager (Male) |
| 11:21 | Create | Villager (Male) |
| 11:21 | Create | Villager (Male) |
| 11:38 | Build | Mill |
| 12:58 | Research | Feudal Age |
| 14:06 | Create | Villager (Male) |
| 14:07 | Create | Villager (Male) |
| 15:09 | Age | Feudal Age |
| 15:12 | Build | Market |
| 15:17 | Build | Blacksmith |
| 16:04 | Build | Mining Camp |
| 16:15 | Build | Stone Wall |
| 16:41 | Research | Castle Age |
| 17:05 | Build | Lumber Camp |
| 17:32 | Build | Stone Wall |
| 17:38 | Build | Gate |
| 17:59 | Create | Villager (Male) |
| 17:59 | Create | Villager (Male) |
| 18:02 | Research | Double-Bit Axe |
| 19:21 | Age | Castle Age |
| 19:28 | Build | Town Center |
| 19:53 | Build | Stone Wall |
| 20:01 | Build | Town Center |
| 20:16 | Build | Barracks |
| 20:27 | Build | Stone Wall |
| 20:53 | Create | Villager (Male) ×2 |
| 21:11 | Build | Farm |
| 21:12 | Build | Farm |
| 21:12 | Build | Farm |
| 21:13 | Build | Farm |
| 21:14 | Build | Farm |
| 21:15 | Build | Farm |
| 21:16 | Build | Farm |
| 21:17 | Build | Farm |
| 21:18 | Build | Farm |
| 21:36 | Build | Farm |
| 22:05 | Build | Stone Wall |
| 22:23 | Create | Villager (Male) ×2 |
| 22:31 | Build | Farm |
| 22:32 | Build | Farm |
| 22:33 | Build | Farm |
| 22:33 | Build | Farm |
| 22:34 | Build | Farm |
| 22:35 | Build | Farm |
| 22:36 | Build | Farm |
| 22:36 | Build | Farm |
| 22:40 | Build | Farm |
| 22:56 | Create | Villager (Male) |
| 22:56 | Create | Villager (Male) |
| 23:26 | Build | Stone Wall |
| 23:48 | Create | Villager (Male) ×4 |
| 23:48 | Create | Villager (Male) ×4 |
| 24:08 | Build | Siege Workshop |
| 24:19 | Build | Stone Wall |
| 24:34 | Create | Villager (Male) ×5 |
| 25:16 | Build | House |
| 25:17 | Build | House |
| 25:18 | Build | House |
| 25:19 | Build | House |
| 25:20 | Build | House |
| 25:39 | Create | Mangonel |
| 25:39 | Create | Mangonel |
| 25:55 | Create | Villager (Male) |
| 25:55 | Create | Villager (Male) |
| 26:18 | Create | Villager (Male) |
| 26:19 | Create | Villager (Male) |
| 26:19 | Create | Villager (Male) |
| 26:19 | Create | Villager (Male) |
| 26:20 | Create | Villager (Male) |
| 26:20 | Create | Villager (Male) |
| 26:20 | Create | Villager (Male) |
| 26:21 | Create | Villager (Male) |
| 26:21 | Create | Villager (Male) |
| 26:22 | Create | Villager (Male) |
| 26:37 | Create | Villager (Male) |
| 26:38 | Create | Villager (Male) |
| 26:41 | Create | Villager (Male) |
| 26:45 | Build | House |
| 26:46 | Build | House |
| 26:47 | Build | House |
| 26:48 | Build | House |
| 26:49 | Build | House |
| 26:50 | Build | House |
| 26:51 | Build | House |
| 26:52 | Build | House |
| 26:53 | Build | House |
| 26:55 | Create | Villager (Male) |
| 26:55 | Create | Villager (Male) |
| 26:59 | Build | Farm |
| 27:22 | Create | Villager (Male) |
| 27:23 | Create | Villager (Male) |
| 27:23 | Create | Villager (Male) |
| 27:43 | Build | Lumber Camp |
| 28:06 | Build | Town Center |
| 28:27 | Create | Mangonel |
| 28:27 | Create | Mangonel |
| 29:49 | Build | Castle |
| 30:21 | Research | Wheelbarrow |
| 30:22 | Create | Villager (Male) ×5 |
| 30:22 | Create | Villager (Male) ×5 |
Build order — Lalopecia Chila
First 150 of 537 actions detected
| 0:04 | Research | Loom |
| 0:04 | Create | Villager (Male) |
| 0:05 | Create | Villager (Male) |
| 0:06 | Build | House |
| 0:08 | Build | House |
| 0:32 | Create | Villager (Male) |
| 0:32 | Create | Villager (Male) |
| 1:45 | Build | Palisade Wall |
| 2:04 | Build | Palisade Wall |
| 2:18 | Create | Villager (Male) |
| 3:41 | Create | Villager (Male) |
| 3:47 | Build | Mill |
| 5:03 | Create | Villager (Male) |
| 5:41 | Create | Villager (Male) |
| 6:04 | Create | Villager (Male) |
| 6:04 | Create | Villager (Male) |
| 6:27 | Create | Villager (Male) |
| 7:20 | Create | Villager (Male) |
| 7:38 | Create | Villager (Male) |
| 7:58 | Create | Villager (Male) |
| 8:20 | Build | House |
| 8:52 | Create | Villager (Male) |
| 8:52 | Create | Villager (Male) |
| 9:03 | Build | Palisade Wall |
| 9:15 | Create | Villager (Male) |
| 9:45 | Create | Villager (Male) |
| 9:46 | Create | Villager (Male) |
| 9:47 | Create | Villager (Male) |
| 9:59 | Build | House |
| 10:29 | Build | House |
| 10:49 | Build | House |
| 10:54 | Create | Villager (Male) |
| 10:55 | Create | Villager (Male) |
| 11:42 | Build | House |
| 11:52 | Create | Villager (Male) |
| 12:04 | Build | Mining Camp |
| 12:13 | Create | Villager (Male) |
| 12:13 | Create | Villager (Male) |
| 12:32 | Create | Villager (Male) |
| 12:58 | Build | Lumber Camp |
| 13:01 | Research | Feudal Age |
| 13:23 | Build | Farm |
| 13:31 | Create | Villager (Male) |
| 13:31 | Create | Villager (Male) |
| 14:08 | Build | Farm |
| 15:22 | Build | Market |
| 16:11 | Build | Blacksmith |
| 16:17 | Create | Villager (Male) |
| 16:40 | Research | Castle Age |
| 16:45 | Build | Farm |
| 16:56 | Build | Farm |
| 17:11 | Build | Farm |
| 17:29 | Build | Farm |
| 17:32 | Build | Farm |
| 17:40 | Research | Double-Bit Axe |
| 18:07 | Research | Horse Collar |
| 18:17 | Build | Farm |
| 18:34 | Create | Villager (Male) |
| 18:35 | Create | Villager (Male) |
| 18:35 | Create | Villager (Male) |
| 19:27 | Build | Siege Workshop |
| 19:30 | Build | Monastery |
| 19:43 | Build | Farm |
| 20:02 | Create | Villager (Male) |
| 20:05 | Build | Farm |
| 20:12 | Create | Armored Elephant |
| 20:12 | Create | Armored Elephant |
| 20:26 | Build | House |
| 20:27 | Build | House |
| 20:50 | Create | Monk |
| 20:51 | Create | Villager (Male) |
| 20:59 | Build | Farm |
| 21:03 | Build | Farm |
| 21:10 | Build | Farm |
| 21:11 | Create | Villager (Male) |
| 21:11 | Create | Villager (Male) |
| 21:17 | Create | Monk |
| 21:34 | Create | Armored Elephant |
| 21:48 | Build | House |
| 22:00 | Create | Villager (Male) |
| 22:13 | Create | Armored Elephant |
| 22:22 | Build | Town Center |
| 22:27 | Build | Farm |
| 22:33 | Build | House |
| 22:57 | Create | Villager (Male) |
| 22:57 | Create | Villager (Male) |
| 22:58 | Create | Villager (Male) |
| 22:58 | Create | Villager (Male) |
| 23:02 | Build | House |
| 23:03 | Create | Monk |
| 23:16 | Create | Villager (Male) |
| 23:19 | Create | Monk |
| 23:33 | Create | Villager (Male) |
| 23:35 | Build | House |
| 23:52 | Create | Monk |
| 23:56 | Create | Armored Elephant |
| 23:58 | Create | Villager (Male) |
| 24:03 | Build | Town Center |
| 24:48 | Build | Farm |
| 24:49 | Create | Villager (Male) |
| 24:59 | Research | Sanctity |
| 25:02 | Create | Villager (Male) |
| 25:07 | Create | Villager (Male) |
| 25:35 | Create | Villager (Male) |
| 25:35 | Create | Villager (Male) |
| 25:36 | Create | Villager (Male) |
| 25:36 | Create | Villager (Male) |
| 25:37 | Create | Villager (Male) |
| 25:39 | Build | Farm |
| 25:40 | Build | Farm |
| 25:40 | Build | Farm |
| 25:44 | Build | Farm |
| 25:47 | Build | Farm |
| 26:09 | Create | Villager (Male) |
| 26:09 | Create | Villager (Male) |
| 26:10 | Create | Villager (Male) |
| 26:48 | Create | Villager (Male) |
| 26:48 | Create | Villager (Male) |
| 26:49 | Create | Villager (Male) |
| 26:49 | Create | Villager (Male) |
| 26:50 | Create | Villager (Male) |
| 26:50 | Create | Villager (Male) |
| 26:53 | Build | Farm |
| 26:54 | Build | Farm |
| 26:54 | Build | Farm |
| 26:54 | Build | Farm |
| 26:54 | Build | Farm |
| 26:59 | Research | Redemption |
| 27:09 | Create | Armored Elephant |
| 27:14 | Create | Villager (Male) |
| 27:29 | Create | Villager (Male) |
| 27:29 | Create | Villager (Male) |
| 27:34 | Build | Farm |
| 27:34 | Build | Farm |
| 27:34 | Build | Farm |
| 27:35 | Build | Farm |
| 27:47 | Create | Monk |
| 28:57 | Build | House |
| 28:59 | Build | House |
| 29:01 | Create | Villager (Male) |
| 29:01 | Create | Villager (Male) |
| 29:01 | Create | Villager (Male) |
| 29:01 | Create | Villager (Male) |
| 29:02 | Create | Villager (Male) |
| 29:02 | Create | Villager (Male) |
| 29:02 | Create | Villager (Male) |
| 29:05 | Build | Farm |
| 29:05 | Build | Farm |
| 29:05 | Build | Farm |
| 29:06 | Build | Farm |
Build order — .cHikaNo.
First 150 of 525 actions detected
| 0:01 | Create | Villager (Male) ×4 |
| 0:04 | Build | House |
| 0:06 | Build | House |
| 0:11 | Research | Loom |
| 0:25 | Create | Villager (Male) |
| 0:25 | Create | Villager (Male) |
| 0:55 | Build | Palisade Wall |
| 0:56 | Create | Villager (Male) |
| 1:45 | Build | Palisade Wall |
| 2:00 | Build | Palisade Wall |
| 2:21 | Build | Palisade Wall |
| 2:24 | Build | Palisade Wall |
| 2:33 | Create | Villager (Male) |
| 2:55 | Build | Palisade Wall |
| 3:05 | Create | Villager (Male) |
| 3:33 | Build | Palisade Wall |
| 3:35 | Create | Villager (Male) |
| 3:35 | Create | Villager (Male) |
| 4:12 | Create | Villager (Male) |
| 4:12 | Create | Villager (Male) |
| 4:58 | Build | Palisade Wall |
| 4:59 | Build | Palisade Wall |
| 5:00 | Build | Palisade Wall |
| 5:17 | Build | Palisade Wall |
| 5:23 | Build | Palisade Wall |
| 5:29 | Create | Villager (Male) |
| 5:29 | Create | Villager (Male) |
| 5:48 | Build | Palisade Wall |
| 5:49 | Build | Palisade Wall |
| 5:54 | Create | Villager (Male) |
| 5:54 | Create | Villager (Male) |
| 6:42 | Create | Villager (Male) |
| 6:42 | Create | Villager (Male) |
| 6:43 | Create | Villager (Male) |
| 7:13 | Build | House |
| 8:25 | Build | House |
| 8:47 | Create | Villager (Male) |
| 8:47 | Create | Villager (Male) |
| 8:47 | Create | Villager (Male) |
| 10:19 | Create | Villager (Male) |
| 10:19 | Create | Villager (Male) |
| 10:20 | Create | Villager (Male) |
| 10:20 | Create | Villager (Male) |
| 10:22 | Build | Mill |
| 10:54 | Create | Villager (Male) |
| 11:00 | Build | Lumber Camp |
| 11:27 | Create | Villager (Male) |
| 11:27 | Create | Villager (Male) |
| 11:49 | Create | Villager (Male) |
| 12:01 | Build | House |
| 12:07 | Build | Mining Camp |
| 13:17 | Research | Feudal Age |
| 13:31 | Build | Mining Camp |
| 13:38 | Build | Farm |
| 13:38 | Build | Farm |
| 13:39 | Build | Farm |
| 13:39 | Build | Farm |
| 13:52 | Build | Mill |
| 15:26 | Create | Villager (Male) |
| 15:27 | Create | Villager (Male) |
| 15:27 | Create | Villager (Male) |
| 15:27 | Age | Feudal Age |
| 15:33 | Build | Market |
| 15:40 | Build | Blacksmith |
| 16:07 | Build | Stone Wall |
| 16:10 | Build | Stone Wall |
| 16:12 | Build | Stone Wall |
| 16:14 | Build | Stone Wall |
| 16:14 | Build | Stone Wall |
| 16:44 | Research | Castle Age |
| 17:17 | Build | Gate |
| 17:18 | Build | Stone Wall |
| 17:25 | Build | Gate |
| 17:31 | Build | Stone Wall |
| 18:18 | Research | Double-Bit Axe |
| 18:50 | Create | Villager (Male) |
| 19:24 | Age | Castle Age |
| 19:34 | Build | Town Center |
| 19:46 | Create | Villager (Male) |
| 19:50 | Build | Town Center |
| 19:54 | Build | House |
| 19:56 | Build | House |
| 19:57 | Build | House |
| 19:58 | Build | House |
| 20:07 | Build | Outpost |
| 20:36 | Create | Villager (Male) |
| 20:36 | Create | Villager (Male) |
| 20:48 | Build | House |
| 20:59 | Build | Stone Wall |
| 21:02 | Build | Stone Wall |
| 21:05 | Build | Outpost |
| 21:07 | Create | Villager (Male) |
| 21:07 | Create | Villager (Male) |
| 21:08 | Create | Villager (Male) |
| 21:08 | Create | Villager (Male) |
| 21:08 | Create | Villager (Male) |
| 21:12 | Create | Villager (Male) |
| 21:15 | Research | Horse Collar |
| 21:33 | Create | Villager (Male) |
| 21:34 | Create | Villager (Male) |
| 21:40 | Build | Farm |
| 21:40 | Build | Farm |
| 21:40 | Build | Farm |
| 22:05 | Create | Villager (Male) |
| 22:06 | Create | Villager (Male) |
| 22:06 | Create | Villager (Male) |
| 22:22 | Build | Farm |
| 22:22 | Build | Farm |
| 22:22 | Build | Farm |
| 22:28 | Create | Villager (Male) |
| 22:29 | Create | Villager (Male) |
| 22:30 | Create | Villager (Male) |
| 22:43 | Build | House |
| 22:44 | Build | House |
| 23:01 | Create | Villager (Male) |
| 23:02 | Create | Villager (Male) |
| 23:02 | Create | Villager (Male) |
| 23:12 | Build | Farm |
| 23:12 | Build | Farm |
| 23:12 | Build | Farm |
| 23:13 | Build | Farm |
| 23:13 | Build | Farm |
| 23:24 | Build | Farm |
| 23:25 | Create | Villager (Male) |
| 23:25 | Create | Villager (Male) |
| 23:27 | Create | Villager (Male) |
| 23:27 | Create | Villager (Male) |
| 23:28 | Create | Villager (Male) |
| 23:38 | Build | House |
| 23:46 | Build | House |
| 23:47 | Build | House |
| 23:49 | Build | House |
| 23:50 | Build | House |
| 24:03 | Build | Farm |
| 24:17 | Build | Farm |
| 24:18 | Build | Farm |
| 24:19 | Create | Villager (Male) |
| 24:19 | Create | Villager (Male) |
| 24:19 | Create | Villager (Male) |
| 24:19 | Create | Villager (Male) |
| 24:36 | Build | House |
| 24:37 | Build | House |
| 24:43 | Build | House |
| 24:44 | Build | House |
| 24:46 | Build | House |
| 24:47 | Build | House |
| 24:50 | Build | Farm |
| 24:51 | Build | Farm |
| 24:52 | Build | Farm |
| 24:54 | Create | Villager (Male) |
Build order — Arizona
First 150 of 371 actions detected
| 0:01 | Create | Villager (Male) |
| 0:02 | Create | Villager (Male) |
| 0:02 | Create | Villager (Male) |
| 0:02 | Create | Villager (Male) |
| 0:02 | Create | Villager (Male) |
| 0:04 | Build | House |
| 0:05 | Build | House |
| 1:42 | Research | Loom |
| 2:00 | Create | Villager (Male) |
| 2:00 | Create | Villager (Male) |
| 2:21 | Create | Villager (Male) |
| 2:51 | Create | Villager (Male) |
| 3:19 | Create | Villager (Male) |
| 4:21 | Create | Villager (Male) |
| 4:21 | Create | Villager (Male) |
| 4:21 | Create | Villager (Male) |
| 4:44 | Create | Villager (Male) |
| 5:26 | Create | Villager (Male) |
| 5:26 | Create | Villager (Male) |
| 5:26 | Create | Villager (Male) |
| 5:41 | Build | House |
| 5:41 | Build | House |
| 5:41 | Build | House |
| 5:42 | Build | House |
| 6:00 | Build | Palisade Wall |
| 7:19 | Create | Villager (Male) |
| 7:19 | Create | Villager (Male) |
| 7:19 | Create | Villager (Male) |
| 7:20 | Create | Villager (Male) |
| 8:09 | Build | Settlement |
| 9:52 | Create | Villager (Male) |
| 9:52 | Create | Villager (Male) |
| 9:52 | Create | Villager (Male) |
| 10:36 | Create | Villager (Male) |
| 10:36 | Create | Villager (Male) |
| 10:56 | Build | Farm |
| 10:57 | Build | Farm |
| 10:59 | Create | Villager (Male) |
| 10:59 | Create | Villager (Male) |
| 11:37 | Create | Villager (Male) |
| 11:37 | Create | Villager (Male) |
| 13:09 | Create | Villager (Male) |
| 13:10 | Create | Villager (Male) |
| 13:10 | Create | Villager (Male) |
| 13:49 | Create | Villager (Male) |
| 13:50 | Create | Villager (Male) |
| 14:53 | Research | Feudal Age |
| 15:05 | Build | Settlement |
| 15:58 | Create | Villager (Male) |
| 15:59 | Create | Villager (Male) |
| 17:04 | Build | Palisade Wall |
| 17:05 | Age | Feudal Age |
| 17:16 | Research | Double-Bit Axe |
| 17:19 | Research | Horse Collar |
| 17:36 | Create | Villager (Male) |
| 17:36 | Create | Villager (Male) |
| 17:40 | Build | Farm |
| 17:41 | Build | Farm |
| 17:43 | Build | Farm |
| 17:43 | Build | Farm |
| 17:43 | Build | Farm |
| 17:44 | Build | Farm |
| 17:44 | Build | Farm |
| 17:44 | Build | Farm |
| 17:45 | Build | Farm |
| 17:56 | Build | Farm |
| 17:56 | Build | Farm |
| 18:05 | Build | Farm |
| 18:27 | Build | Settlement |
| 18:51 | Create | Villager (Male) |
| 18:51 | Create | Villager (Male) |
| 18:51 | Create | Villager (Male) |
| 19:11 | Research | Gold Mining |
| 19:40 | Build | Farm |
| 19:41 | Build | Farm |
| 19:41 | Build | Farm |
| 19:49 | Create | Villager (Male) |
| 19:50 | Create | Villager (Male) |
| 19:50 | Create | Villager (Male) |
| 20:26 | Create | Villager (Male) |
| 20:26 | Create | Villager (Male) |
| 20:29 | Build | Farm |
| 20:47 | Create | Villager (Male) |
| 20:54 | Build | Blacksmith |
| 22:00 | Create | Villager (Male) |
| 22:06 | Research | Wheelbarrow |
| 22:39 | Build | Barracks |
| 23:17 | Build | Stone Wall |
| 23:42 | Build | Market |
| 23:49 | Create | Villager (Male) |
| 23:50 | Create | Villager (Male) |
| 24:04 | Build | Barracks |
| 24:04 | Build | Barracks |
| 24:43 | Research | Castle Age |
| 25:21 | Research | Scale Mail Armor |
| 25:29 | Create | Villager (Male) |
| 25:30 | Create | Villager (Male) |
| 25:32 | Create | Villager (Male) |
| 25:46 | Build | House |
| 25:46 | Build | House |
| 25:47 | Build | House |
| 25:47 | Build | House |
| 25:50 | Build | House |
| 25:50 | Build | House |
| 25:51 | Build | House |
| 25:55 | Build | House |
| 25:56 | Build | House |
| 25:56 | Build | House |
| 25:58 | Build | House |
| 25:58 | Build | House |
| 26:38 | Research | Tech 1402 |
| 26:42 | Research | Forging |
| 27:29 | Age | Castle Age |
| 27:35 | Build | Town Center |
| 28:09 | Build | Town Center |
| 28:28 | Create | Villager (Male) |
| 28:33 | Research | Squires |
| 28:38 | Create | Villager (Male) |
| 28:38 | Create | Villager (Male) |
| 28:38 | Create | Villager (Male) |
| 28:39 | Create | Villager (Male) |
| 28:39 | Create | Villager (Male) |
| 28:39 | Create | Villager (Male) |
| 28:40 | Create | Villager (Male) |
| 28:40 | Create | Villager (Male) |
| 28:40 | Create | Villager (Male) |
| 29:23 | Build | Settlement |
| 29:35 | Build | Settlement |
| 29:40 | Create | Villager (Male) |
| 29:41 | Create | Villager (Male) |
| 29:41 | Create | Villager (Male) |
| 29:42 | Create | Villager (Male) |
| 29:45 | Research | Hand Cart |
| 29:59 | Create | Villager (Male) |
| 29:59 | Create | Villager (Male) |
| 30:00 | Create | Villager (Male) |
| 30:00 | Create | Villager (Male) |
| 30:00 | Create | Villager (Male) |
| 30:00 | Create | Villager (Male) |
| 30:01 | Create | Villager (Male) |
| 30:01 | Create | Villager (Male) |
| 30:37 | Research | Bow Saw |
| 31:11 | Research | Heavy Plow |
| 31:18 | Create | Villager (Male) |
| 31:18 | Create | Villager (Male) |
| 31:18 | Create | Villager (Male) |
| 31:18 | Create | Villager (Male) |
| 31:19 | Create | Villager (Male) |
| 31:19 | Create | Villager (Male) |
| 31:38 | Build | Farm |
Build order — ComandanteSierra
First 150 of 250 actions detected
| 0:05 | Research | Loom |
| 0:05 | Create | Villager (Male) |
| 0:06 | Create | Villager (Male) |
| 0:06 | Create | Villager (Male) |
| 0:06 | Create | Villager (Male) |
| 0:09 | Build | House |
| 0:10 | Build | House |
| 0:57 | Build | Palisade Wall |
| 2:00 | Build | Palisade Wall |
| 2:16 | Build | Palisade Wall |
| 2:35 | Build | Palisade Wall |
| 2:45 | Create | Villager (Male) |
| 3:13 | Create | Villager (Male) |
| 3:13 | Create | Villager (Male) |
| 3:31 | Build | Lumber Camp |
| 3:59 | Create | Villager (Male) |
| 4:23 | Create | Villager (Male) |
| 4:51 | Create | Villager (Male) |
| 5:02 | Create | Villager (Male) |
| 5:45 | Build | Mill |
| 5:54 | Create | Villager (Male) |
| 5:55 | Create | Villager (Male) |
| 6:49 | Build | Palisade Wall |
| 6:55 | Build | Palisade Gate |
| 7:01 | Build | Mill |
| 7:42 | Build | Palisade Wall |
| 7:51 | Create | Villager (Male) |
| 7:52 | Create | Villager (Male) |
| 8:04 | Build | Palisade Gate |
| 8:47 | Build | Mill |
| 8:54 | Create | Villager (Male) |
| 9:13 | Create | Villager (Male) |
| 10:21 | Create | Villager (Male) |
| 10:21 | Create | Villager (Male) |
| 10:30 | Create | Villager (Male) |
| 11:29 | Create | Villager (Male) |
| 11:29 | Create | Villager (Male) |
| 11:30 | Create | Villager (Male) |
| 12:27 | Create | Villager (Male) |
| 12:28 | Create | Villager (Male) |
| 12:28 | Create | Villager (Male) |
| 12:28 | Create | Villager (Male) |
| 12:29 | Create | Villager (Male) |
| 13:15 | Build | Lumber Camp |
| 14:19 | Research | Feudal Age |
| 14:28 | Build | Mining Camp |
| 14:35 | Build | Farm |
| 16:12 | Build | Mining Camp |
| 16:39 | Build | Farm |
| 16:41 | Age | Feudal Age |
| 16:47 | Build | Stone Wall |
| 17:08 | Build | Market |
| 17:14 | Build | Blacksmith |
| 17:39 | Build | Stone Wall |
| 17:55 | Research | Wheelbarrow |
| 17:59 | Research | Double-Bit Axe |
| 18:10 | Build | Barracks |
| 18:23 | Build | Stone Wall |
| 18:28 | Research | Castle Age |
| 18:48 | Build | Stone Wall |
| 18:54 | Build | Stone Wall |
| 19:16 | Build | Stable |
| 19:28 | Build | Stone Wall |
| 19:59 | Create | Scout Cavalry |
| 21:50 | Age | Castle Age |
| 21:53 | Build | Siege Workshop |
| 21:58 | Build | Town Center |
| 22:00 | Research | Hand Cart |
| 22:08 | Build | Town Center |
| 22:27 | Build | Town Center |
| 23:17 | Build | Stone Wall |
| 23:29 | Create | Mangonel |
| 23:42 | Build | Stone Wall |
| 23:59 | Build | Castle |
| 24:53 | Create | Villager (Male) |
| 24:53 | Create | Villager (Male) |
| 24:54 | Create | Villager (Male) |
| 24:54 | Create | Villager (Male) |
| 24:54 | Create | Villager (Male) |
| 24:54 | Create | Villager (Male) |
| 25:32 | Research | Horse Collar |
| 25:57 | Create | Villager (Male) |
| 25:57 | Create | Villager (Male) |
| 26:21 | Build | Mill |
| 26:22 | Build | Farm |
| 26:22 | Build | Farm |
| 26:23 | Build | Farm |
| 26:24 | Build | Farm |
| 26:25 | Build | Farm |
| 26:26 | Build | Farm |
| 26:39 | Research | Bow Saw |
| 26:50 | Build | Mill |
| 26:51 | Build | Farm |
| 26:52 | Build | Farm |
| 26:53 | Build | Farm |
| 27:01 | Build | Farm |
| 27:21 | Build | Mining Camp |
| 27:23 | Create | Villager (Male) |
| 27:24 | Create | Villager (Male) |
| 27:37 | Create | Villager (Male) |
| 27:38 | Create | Villager (Male) |
| 27:38 | Create | Villager (Male) |
| 27:38 | Create | Villager (Male) |
| 27:39 | Create | Villager (Male) |
| 28:00 | Build | Farm |
| 28:01 | Build | Farm |
| 28:03 | Create | Villager (Male) |
| 28:03 | Create | Villager (Male) |
| 28:18 | Build | Farm |
| 28:23 | Build | Farm |
| 28:41 | Build | Mill |
| 28:42 | Build | Farm |
| 28:43 | Build | Farm |
| 28:44 | Build | Farm |
| 29:16 | Build | Castle |
| 29:23 | Build | Farm |
| 29:24 | Build | Farm |
| 29:35 | Build | Farm |
| 29:49 | Create | Villager (Male) |
| 29:49 | Create | Villager (Male) |
| 29:50 | Create | Villager (Male) |
| 29:50 | Create | Villager (Male) |
| 29:50 | Create | Villager (Male) |
| 29:51 | Create | Villager (Male) |
| 29:51 | Create | Villager (Male) |
| 29:51 | Create | Villager (Male) |
| 29:52 | Create | Villager (Male) |
| 29:52 | Create | Villager (Male) |
| 29:52 | Create | Villager (Male) |
| 29:53 | Create | Villager (Male) |
| 29:53 | Create | Villager (Male) |
| 29:53 | Create | Villager (Male) |
| 29:54 | Create | Villager (Male) |
| 29:54 | Create | Villager (Male) |
| 29:55 | Create | Villager (Male) |
| 30:19 | Build | Mill |
| 30:31 | Create | Villager (Male) |
| 30:31 | Create | Villager (Male) |
| 30:31 | Create | Villager (Male) |
| 30:32 | Create | Villager (Male) |
| 30:32 | Create | Villager (Male) |
| 30:32 | Create | Villager (Male) |
| 30:35 | Create | Villager (Male) |
| 30:55 | Build | Mining Camp |
| 31:04 | Build | Farm |
| 31:20 | Build | Farm |
| 31:54 | Build | Farm |
| 31:59 | Create | Villager (Male) |
| 31:59 | Create | Villager (Male) |
| 32:00 | Create | Villager (Male) |
Build order — TheHoaN
First 150 of 544 actions detected
| 0:01 | Create | Villager (Male) ×4 |
| 0:01 | Create | Villager (Male) ×4 |
| 0:03 | Build | House |
| 0:04 | Build | House |
| 1:31 | Create | Villager (Male) |
| 1:31 | Create | Villager (Male) |
| 1:32 | Create | Villager (Male) |
| 2:08 | Create | Villager (Male) |
| 2:09 | Create | Villager (Male) |
| 2:12 | Build | Lumber Camp |
| 2:14 | Create | Villager (Male) |
| 2:14 | Create | Villager (Male) |
| 2:48 | Create | Villager (Male) |
| 2:48 | Create | Villager (Male) |
| 3:09 | Create | Villager (Male) |
| 3:09 | Create | Villager (Male) |
| 3:35 | Create | Villager (Male) |
| 3:35 | Create | Villager (Male) |
| 3:35 | Create | Villager (Male) |
| 3:45 | Build | House |
| 4:04 | Create | Villager (Male) |
| 4:04 | Create | Villager (Male) |
| 4:04 | Create | Villager (Male) |
| 4:04 | Create | Villager (Male) |
| 4:33 | Create | Villager (Male) |
| 4:33 | Create | Villager (Male) |
| 4:33 | Create | Villager (Male) |
| 4:44 | Research | Loom |
| 4:47 | Create | Villager (Male) |
| 4:47 | Create | Villager (Male) |
| 4:48 | Create | Villager (Male) |
| 4:48 | Create | Villager (Male) |
| 4:48 | Create | Villager (Male) |
| 5:38 | Create | Villager (Male) |
| 5:38 | Create | Villager (Male) |
| 5:39 | Create | Villager (Male) |
| 6:26 | Build | House |
| 6:57 | Create | Villager (Male) |
| 6:58 | Create | Villager (Male) |
| 7:12 | Build | Mill |
| 7:38 | Build | Mill |
| 7:55 | Build | Mining Camp |
| 8:04 | Research | Feudal Age |
| 9:20 | Create | Villager (Male) |
| 9:21 | Create | Villager (Male) |
| 10:40 | Age | Feudal Age |
| 10:41 | Build | Blacksmith |
| 10:46 | Build | Market |
| 11:26 | Create | Villager (Male) |
| 11:26 | Create | Villager (Male) |
| 11:36 | Research | Castle Age |
| 11:36 | Research | Castle Age |
| 12:10 | Build | Lumber Camp |
| 12:16 | Research | Double-Bit Axe |
| 12:16 | Research | Double-Bit Axe |
| 12:30 | Build | House |
| 12:31 | Build | House |
| 12:32 | Build | House |
| 12:34 | Build | House |
| 13:01 | Create | Villager (Male) |
| 13:01 | Create | Villager (Male) |
| 13:02 | Create | Villager (Male) |
| 13:02 | Create | Villager (Male) |
| 13:02 | Create | Villager (Male) |
| 14:17 | Age | Castle Age |
| 14:18 | Build | Town Center |
| 14:21 | Build | Town Center |
| 14:47 | Research | Horse Collar |
| 14:47 | Research | Horse Collar |
| 14:59 | Build | House |
| 15:00 | Build | House |
| 15:04 | Build | Farm |
| 15:04 | Build | Farm |
| 15:04 | Build | Farm |
| 15:04 | Build | Farm |
| 15:06 | Build | Farm |
| 15:06 | Build | Farm |
| 15:06 | Build | Farm |
| 15:06 | Build | Farm |
| 15:07 | Build | Farm |
| 15:07 | Build | Farm |
| 15:07 | Build | Farm |
| 15:08 | Build | Farm |
| 15:12 | Create | Villager (Male) |
| 15:29 | Build | Farm |
| 15:34 | Create | Villager (Male) |
| 15:34 | Create | Villager (Male) |
| 15:42 | Build | Farm |
| 15:57 | Build | Farm |
| 15:57 | Build | Farm |
| 16:07 | Build | Farm |
| 16:24 | Build | Farm |
| 16:30 | Build | Farm |
| 16:33 | Create | Villager (Male) ×2 |
| 16:33 | Create | Villager (Male) ×2 |
| 16:55 | Build | Farm |
| 16:55 | Build | Farm |
| 16:55 | Build | Farm |
| 16:55 | Build | Farm |
| 16:58 | Create | Villager (Male) |
| 17:11 | Build | Farm |
| 17:16 | Create | Villager (Male) ×2 |
| 17:16 | Create | Villager (Male) ×3 |
| 17:17 | Create | Villager (Male) |
| 17:17 | Create | Villager (Male) |
| 17:31 | Create | Villager (Male) |
| 17:32 | Create | Villager (Male) |
| 17:50 | Create | Villager (Male) ×2 |
| 17:50 | Create | Villager (Male) ×2 |
| 18:04 | Create | Villager (Male) |
| 18:04 | Create | Villager (Male) |
| 18:04 | Create | Villager (Male) |
| 18:18 | Create | Villager (Male) ×3 |
| 18:18 | Create | Villager (Male) ×3 |
| 18:18 | Create | Villager (Male) ×3 |
| 18:25 | Build | Farm |
| 18:26 | Build | Farm |
| 18:26 | Build | Farm |
| 18:26 | Build | Farm |
| 18:27 | Build | Farm |
| 18:27 | Build | Farm |
| 18:27 | Build | Farm |
| 19:01 | Research | Bow Saw |
| 19:04 | Create | Villager (Male) |
| 19:04 | Create | Villager (Male) |
| 19:12 | Create | Villager (Male) |
| 19:12 | Create | Villager (Male) |
| 19:14 | Create | Villager (Male) |
| 19:15 | Create | Villager (Male) |
| 19:33 | Create | Villager (Male) ×2 |
| 19:33 | Create | Villager (Male) ×3 |
| 19:34 | Create | Villager (Male) ×3 |
| 19:44 | Build | Farm |
| 19:44 | Build | Farm |
| 19:44 | Build | Farm |
| 19:44 | Build | Farm |
| 19:45 | Build | Farm |
| 19:45 | Build | Farm |
| 19:45 | Build | Farm |
| 19:47 | Create | Villager (Male) ×2 |
| 19:48 | Create | Villager (Male) ×2 |
| 20:02 | Create | Villager (Male) ×2 |
| 20:02 | Create | Villager (Male) ×2 |
| 20:18 | Build | Town Center |
| 20:21 | Create | Villager (Male) ×4 |
| 20:21 | Create | Villager (Male) ×4 |
| 20:21 | Create | Villager (Male) ×4 |
| 20:32 | Create | Villager (Male) |
| 20:32 | Create | Villager (Male) |
| 20:34 | Create | Villager (Male) |
Build order — ® BLACK WOLF ®
First 150 of 566 actions detected
| 0:02 | Create | Villager (Male) |
| 0:04 | Build | House |
| 0:05 | Build | House |
| 0:07 | Build | House |
| 0:12 | Research | Loom |
| 0:13 | Create | Villager (Male) |
| 0:13 | Create | Villager (Male) |
| 0:13 | Create | Villager (Male) |
| 0:14 | Create | Villager (Male) |
| 0:14 | Create | Villager (Male) |
| 1:10 | Build | Palisade Wall |
| 1:52 | Build | Palisade Wall |
| 2:35 | Build | Palisade Wall |
| 3:25 | Build | Palisade Wall |
| 4:10 | Create | Villager (Male) |
| 4:11 | Create | Villager (Male) |
| 4:35 | Build | Palisade Wall |
| 4:53 | Create | Villager (Male) |
| 4:53 | Create | Villager (Male) |
| 5:08 | Build | Palisade Wall |
| 5:11 | Build | Palisade Wall |
| 5:32 | Create | Villager (Male) |
| 5:32 | Create | Villager (Male) |
| 6:06 | Create | Villager (Male) |
| 6:45 | Create | Villager (Male) |
| 6:45 | Create | Villager (Male) |
| 7:12 | Create | Villager (Male) |
| 7:22 | Create | Villager (Male) |
| 7:22 | Create | Villager (Male) |
| 8:15 | Create | Villager (Male) |
| 8:41 | Create | Villager (Male) |
| 9:00 | Create | Villager (Male) |
| 9:10 | Create | Villager (Male) |
| 9:22 | Create | Villager (Male) |
| 9:32 | Build | House |
| 9:34 | Build | House |
| 9:38 | Create | Villager (Male) |
| 9:40 | Create | Villager (Male) |
| 10:04 | Create | Villager (Male) |
| 10:16 | Create | Villager (Male) |
| 10:29 | Build | Lumber Camp |
| 10:38 | Create | Villager (Male) |
| 10:50 | Create | Villager (Male) |
| 10:52 | Create | Villager (Male) |
| 11:20 | Create | Villager (Male) |
| 11:21 | Create | Villager (Male) |
| 12:08 | Build | Mining Camp |
| 12:20 | Create | Villager (Male) |
| 12:24 | Build | Mill |
| 12:43 | Research | Feudal Age |
| 12:58 | Build | Farm |
| 13:02 | Build | Farm |
| 13:08 | Build | Farm |
| 13:47 | Create | Villager (Male) |
| 13:48 | Create | Villager (Male) |
| 14:19 | Build | Farm |
| 14:23 | Build | Farm |
| 14:55 | Age | Feudal Age |
| 14:58 | Create | Villager (Male) |
| 15:03 | Build | Market |
| 15:27 | Build | Stone Wall |
| 15:36 | Build | Stone Wall |
| 15:43 | Build | Stone Wall |
| 15:49 | Create | Villager (Male) |
| 15:58 | Build | Blacksmith |
| 16:08 | Build | Lumber Camp |
| 16:51 | Research | Castle Age |
| 17:09 | Build | Mining Camp |
| 18:29 | Research | Wheelbarrow |
| 18:35 | Research | Double-Bit Axe |
| 18:37 | Research | Horse Collar |
| 18:42 | Research | Gold Mining |
| 19:10 | Research | Wheelbarrow |
| 19:31 | Age | Castle Age |
| 19:34 | Create | Villager (Male) |
| 19:44 | Build | Town Center |
| 20:05 | Build | Town Center |
| 20:26 | Create | Villager (Male) |
| 20:58 | Build | House |
| 20:59 | Build | House |
| 21:00 | Build | House |
| 21:02 | Build | House |
| 21:05 | Create | Villager (Male) |
| 21:06 | Create | Villager (Male) |
| 21:09 | Create | Villager (Male) |
| 21:35 | Create | Villager (Male) |
| 21:35 | Create | Villager (Male) |
| 21:36 | Create | Villager (Male) |
| 21:43 | Build | Farm |
| 21:50 | Build | Farm |
| 21:55 | Create | Villager (Male) |
| 22:00 | Create | Villager (Male) |
| 22:04 | Build | Farm |
| 22:06 | Create | Villager (Male) |
| 22:10 | Build | Farm |
| 22:16 | Build | Farm |
| 22:20 | Create | Villager (Male) |
| 22:26 | Create | Villager (Male) |
| 22:40 | Create | Villager (Male) |
| 22:41 | Create | Villager (Male) |
| 22:43 | Create | Villager (Male) |
| 22:47 | Build | Farm |
| 23:09 | Create | Villager (Male) |
| 23:12 | Create | Villager (Male) |
| 23:13 | Create | Villager (Male) |
| 23:19 | Build | Farm |
| 23:23 | Build | Farm |
| 23:28 | Create | Villager (Male) |
| 23:31 | Create | Villager (Male) |
| 23:35 | Build | Farm |
| 23:41 | Build | Farm |
| 23:51 | Build | Farm |
| 24:04 | Research | Bow Saw |
| 24:06 | Create | Villager (Male) |
| 24:08 | Create | Villager (Male) |
| 24:50 | Build | Town Center |
| 24:56 | Create | Villager (Male) |
| 24:57 | Create | Villager (Male) |
| 24:59 | Create | Villager (Male) |
| 25:00 | Create | Villager (Male) |
| 25:01 | Create | Villager (Male) |
| 25:15 | Build | Farm |
| 25:17 | Build | Farm |
| 25:19 | Build | Farm |
| 25:21 | Build | Farm |
| 25:25 | Create | Villager (Male) |
| 25:26 | Create | Villager (Male) |
| 25:27 | Create | Villager (Male) |
| 25:28 | Create | Villager (Male) |
| 25:40 | Build | Castle |
| 25:54 | Create | Villager (Male) |
| 25:56 | Create | Villager (Male) |
| 25:56 | Create | Villager (Male) |
| 25:57 | Create | Villager (Male) |
| 25:59 | Create | Villager (Male) |
| 26:02 | Create | Villager (Male) |
| 26:02 | Create | Villager (Male) |
| 26:07 | Create | Villager (Male) |
| 26:11 | Build | Farm |
| 26:12 | Build | Farm |
| 26:13 | Build | Farm |
| 26:15 | Build | Farm |
| 26:18 | Create | Villager (Male) |
| 26:19 | Create | Villager (Male) |
| 26:20 | Create | Villager (Male) |
| 26:22 | Create | Villager (Male) |
| 26:30 | Build | Farm |
| 26:31 | Build | Farm |
| 26:33 | Build | Farm |
| 26:40 | Build | Farm |
Build order — Lord VanZaldua
First 150 of 353 actions detected
| 0:02 | Build | House |
| 0:04 | Build | House |
| 0:09 | Create | Villager (Male) |
| 0:09 | Create | Villager (Male) |
| 0:09 | Create | Villager (Male) |
| 0:10 | Create | Villager (Male) |
| 0:41 | Build | Palisade Wall |
| 0:56 | Research | Loom |
| 3:13 | Create | Villager (Male) |
| 3:14 | Create | Villager (Male) |
| 3:14 | Create | Villager (Male) |
| 4:46 | Create | Villager (Male) |
| 4:46 | Create | Villager (Male) |
| 4:46 | Create | Villager (Male) |
| 5:43 | Build | Palisade Wall |
| 6:05 | Create | Villager (Male) |
| 6:48 | Build | Palisade Wall |
| 6:49 | Build | Palisade Wall |
| 7:49 | Build | Palisade Gate |
| 8:10 | Create | Villager (Male) |
| 8:10 | Create | Villager (Male) |
| 8:11 | Create | Villager (Male) |
| 8:11 | Create | Villager (Male) |
| 8:11 | Create | Villager (Male) |
| 9:06 | Build | Palisade Wall |
| 9:14 | Build | Palisade Wall |
| 10:32 | Build | Palisade Gate |
| 11:09 | Build | Palisade Wall |
| 12:02 | Build | Palisade Wall |
| 12:57 | Build | Mill |
| 13:07 | Create | Villager (Male) |
| 14:12 | Build | Mill |
| 14:33 | Create | Villager (Male) |
| 14:34 | Create | Villager (Male) |
| 14:39 | Create | Villager (Male) |
| 15:16 | Create | Villager (Male) |
| 15:23 | Build | Mill |
| 15:29 | Create | Villager (Male) |
| 15:45 | Build | House |
| 15:46 | Build | House |
| 15:47 | Build | House |
| 16:17 | Create | Villager (Male) |
| 16:18 | Create | Villager (Male) |
| 16:18 | Create | Villager (Male) |
| 16:18 | Create | Villager (Male) |
| 16:56 | Create | Villager (Male) |
| 17:32 | Build | Lumber Camp |
| 17:33 | Create | Villager (Male) |
| 17:34 | Create | Villager (Male) |
| 18:15 | Create | Villager (Male) |
| 18:34 | Build | Mining Camp |
| 18:38 | Create | Villager (Male) |
| 20:17 | Create | Villager (Male) |
| 20:17 | Create | Villager (Male) |
| 20:18 | Create | Villager (Male) |
| 20:27 | Build | Barracks |
| 21:09 | Build | Farm |
| 21:17 | Research | Feudal Age |
| 21:38 | Build | Farm |
| 21:50 | Create | Militia |
| 22:14 | Build | Lumber Camp |
| 22:22 | Build | Mining Camp |
| 23:37 | Create | Villager (Male) |
| 23:38 | Create | Villager (Male) |
| 23:38 | Create | Villager (Male) |
| 23:42 | Age | Feudal Age |
| 23:52 | Build | Market |
| 24:00 | Build | Blacksmith |
| 24:13 | Build | Stone Wall |
| 24:25 | Research | Double-Bit Axe |
| 24:33 | Build | Farm |
| 24:35 | Build | Farm |
| 24:42 | Build | Farm |
| 24:43 | Build | Farm |
| 24:46 | Build | Farm |
| 25:04 | Build | Mill |
| 25:08 | Create | Villager (Male) |
| 25:08 | Create | Villager (Male) |
| 25:09 | Create | Villager (Male) |
| 25:09 | Create | Villager (Male) |
| 25:09 | Create | Villager (Male) |
| 27:04 | Build | Stone Wall |
| 27:14 | Research | Castle Age |
| 27:53 | Build | Barracks |
| 28:01 | Research | Horse Collar |
| 28:03 | Research | Gold Mining |
| 28:53 | Build | House |
| 28:54 | Build | House |
| 28:55 | Build | House |
| 28:56 | Build | House |
| 29:54 | Age | Castle Age |
| 30:03 | Build | Town Center |
| 30:15 | Build | Town Center |
| 30:19 | Create | Villager (Male) |
| 30:20 | Create | Villager (Male) |
| 30:20 | Create | Villager (Male) |
| 30:24 | Build | Farm |
| 30:25 | Build | Farm |
| 30:27 | Build | Farm |
| 30:31 | Build | Town Center |
| 31:12 | Build | Stone Wall |
| 31:19 | Create | Villager (Male) |
| 31:21 | Create | Villager (Male) |
| 31:44 | Create | Villager (Male) |
| 31:44 | Create | Villager (Male) |
| 31:44 | Create | Villager (Male) |
| 31:45 | Create | Villager (Male) |
| 32:00 | Create | Villager (Male) |
| 32:00 | Create | Villager (Male) |
| 32:00 | Create | Villager (Male) |
| 32:08 | Build | Farm |
| 32:09 | Build | Farm |
| 32:10 | Build | Farm |
| 32:12 | Create | Villager (Male) |
| 32:12 | Create | Villager (Male) |
| 32:14 | Create | Villager (Male) |
| 32:14 | Create | Villager (Male) |
| 32:14 | Create | Villager (Male) |
| 32:15 | Create | Villager (Male) |
| 32:18 | Create | Villager (Male) |
| 32:18 | Create | Villager (Male) |
| 32:29 | Create | Villager (Male) |
| 32:29 | Create | Villager (Male) |
| 32:35 | Build | Farm |
| 32:43 | Build | Farm |
| 32:44 | Build | Farm |
| 32:44 | Build | Farm |
| 32:45 | Build | Farm |
| 32:46 | Build | Farm |
| 32:53 | Create | Villager (Male) |
| 32:53 | Create | Villager (Male) |
| 32:53 | Create | Villager (Male) |
| 32:55 | Create | Villager (Male) |
| 33:03 | Create | Villager (Male) |
| 33:14 | Build | Mining Camp |
| 33:26 | Create | Villager (Male) |
| 33:27 | Create | Villager (Male) |
| 33:27 | Create | Villager (Male) |
| 33:35 | Create | Villager (Male) |
| 34:01 | Build | Farm |
| 34:03 | Build | Farm |
| 34:06 | Build | Farm |
| 34:07 | Build | Farm |
| 34:08 | Build | Farm |
| 34:08 | Build | Farm |
| 34:09 | Build | Farm |
| 34:10 | Build | Farm |
| 34:11 | Build | Farm |
| 34:23 | Build | Farm |
| 34:25 | Build | Farm |
Match timeline
| 0:41 | Lord VanZaldua · wall_segment Palisade Wall x17 |
| 0:55 | .cHikaNo. · wall_segment Palisade Wall x8 |
| 0:55 | jorqe111 · wall_segment Palisade Wall x17 |
| 0:57 | ComandanteSierra · wall_segment Palisade Wall x9 |
| 1:10 | ® BLACK WOLF ® · wall_segment Palisade Wall x7 |
| 1:45 | Lalopecia Chila · wall_segment Palisade Wall x16 |
| 1:45 | .cHikaNo. · wall_segment Palisade Wall x4 |
| 1:52 | ® BLACK WOLF ® · wall_segment Palisade Wall x7 |
| 2:00 | ComandanteSierra · wall_segment Palisade Wall x7 |
| 2:00 | .cHikaNo. · wall_segment Palisade Wall x8 |
| 2:04 | Lalopecia Chila · wall_segment Palisade Wall x10 |
| 2:16 | ComandanteSierra · wall_segment Palisade Wall x1 |
| 2:21 | .cHikaNo. · wall_segment Palisade Wall x1 |
| 2:24 | .cHikaNo. · wall_segment Palisade Wall x4 |
| 2:35 | ComandanteSierra · wall_segment Palisade Wall x1 |
| 2:35 | ® BLACK WOLF ® · wall_segment Palisade Wall x9 |
| 2:55 | .cHikaNo. · wall_segment Palisade Wall x6 |
| 3:25 | ® BLACK WOLF ® · wall_segment Palisade Wall x5 |
| 3:33 | .cHikaNo. · wall_segment Palisade Wall x8 |
| 4:35 | jorqe111 · wall_segment Palisade Wall x6 |
| 4:35 | ® BLACK WOLF ® · wall_segment Palisade Wall x5 |
| 4:58 | .cHikaNo. · wall_segment Palisade Wall x5 |
| 4:59 | .cHikaNo. · wall_segment Palisade Wall x1 |
| 5:00 | .cHikaNo. · wall_segment Palisade Wall x1 |
| 5:08 | ® BLACK WOLF ® · wall_segment Palisade Wall x6 |
| 5:11 | ® BLACK WOLF ® · wall_segment Palisade Wall x6 |
| 5:17 | .cHikaNo. · wall_segment Palisade Wall x1 |
| 5:23 | .cHikaNo. · wall_segment Palisade Wall x2 |
| 5:37 | jorqe111 · wall_segment Palisade Wall x1 |
| 5:43 | Lord VanZaldua · wall_segment Palisade Wall x1 |
| 5:48 | .cHikaNo. · wall_segment Palisade Wall x1 |
| 5:49 | .cHikaNo. · wall_segment Palisade Wall x1 |
| 6:00 | Arizona · wall_segment Palisade Wall x14 |
| 6:11 | jorqe111 · wall_segment Palisade Wall x1 |
| 6:48 | Lord VanZaldua · wall_segment Palisade Wall x1 |
| 6:49 | ComandanteSierra · wall_segment Palisade Wall x15 |
| 6:49 | Lord VanZaldua · wall_segment Palisade Wall x1 |
| 7:34 | jorqe111 · wall_segment Palisade Wall x1 |
| 7:42 | ComandanteSierra · wall_segment Palisade Wall x11 |
| 7:59 | jorqe111 · wall_segment Palisade Wall x5 |
| 9:03 | Lalopecia Chila · wall_segment Palisade Wall x1 |
| 9:06 | Lord VanZaldua · wall_segment Palisade Wall x1 |
| 9:07 | jorqe111 · wall_segment Palisade Wall x1 |
| 9:09 | jorqe111 · wall_segment Palisade Wall x6 |
| 9:14 | Lord VanZaldua · wall_segment Palisade Wall x1 |
| 10:40 | TheHoaN · age_up feudal |
| 11:09 | Lord VanZaldua · wall_segment Palisade Wall x1 |
| 12:02 | Lord VanZaldua · wall_segment Palisade Wall x7 |
| 14:17 | TheHoaN · age_up castle |
| 14:55 | ® BLACK WOLF ® · age_up feudal |
| 15:09 | jorqe111 · age_up feudal |
| 15:27 | .cHikaNo. · age_up feudal |
| 15:27 | ® BLACK WOLF ® · wall_segment Stone Wall x9 |
| 15:36 | ® BLACK WOLF ® · wall_segment Stone Wall x7 |
| 15:43 | ® BLACK WOLF ® · wall_segment Stone Wall x9 |
| 16:07 | .cHikaNo. · wall_segment Stone Wall x4 |
| 16:10 | .cHikaNo. · wall_segment Stone Wall x3 |
| 16:12 | .cHikaNo. · wall_segment Stone Wall x4 |
| 16:14 | .cHikaNo. · wall_segment Stone Wall x2 |
| 16:14 | .cHikaNo. · wall_segment Stone Wall x1 |
| 16:15 | jorqe111 · wall_segment Stone Wall x17 |
| 16:32 | ® BLACK WOLF ® · first_market_buy 100 food |
| 16:33 | ® BLACK WOLF ® · first_market_sell 100 wood |
| 16:41 | ComandanteSierra · age_up feudal |
| 16:47 | ComandanteSierra · wall_segment Stone Wall x8 |
| 17:04 | Arizona · wall_segment Palisade Wall x16 |
| 17:05 | Arizona · age_up feudal |
| 17:18 | .cHikaNo. · wall_segment Stone Wall x1 |
| 17:31 | .cHikaNo. · wall_segment Stone Wall x3 |
| 17:32 | jorqe111 · wall_segment Stone Wall x20 |
| 17:39 | ComandanteSierra · wall_segment Stone Wall x8 |
| 18:10 | ComandanteSierra · first_building Barracks |
| 18:23 | ComandanteSierra · wall_segment Stone Wall x6 |
| 18:48 | ComandanteSierra · wall_segment Stone Wall x2 |
| 18:54 | ComandanteSierra · wall_segment Stone Wall x1 |
| 19:16 | ComandanteSierra · first_building Stable |
| 19:21 | jorqe111 · age_up castle |
| 19:24 | .cHikaNo. · age_up castle |
| 19:27 | Lalopecia Chila · first_building Siege Workshop |
| 19:28 | ComandanteSierra · wall_segment Stone Wall x8 |
| 19:30 | Lalopecia Chila · first_building Monastery |
| 19:31 | ® BLACK WOLF ® · age_up castle |
| 19:53 | jorqe111 · wall_segment Stone Wall x1 |
| 20:16 | jorqe111 · first_building Barracks |
| 20:27 | jorqe111 · wall_segment Stone Wall x13 |
| 20:27 | Lord VanZaldua · first_building Barracks |
| 20:59 | .cHikaNo. · wall_segment Stone Wall x1 |
| 21:02 | .cHikaNo. · wall_segment Stone Wall x1 |
| 21:50 | ComandanteSierra · age_up castle |
| 21:53 | ComandanteSierra · first_building Siege Workshop |
| 22:05 | jorqe111 · wall_segment Stone Wall x12 |
| 22:20 | TheHoaN · first_building Barracks |
| 22:20 | jorqe111 · first_market_buy 500 food |
| 22:39 | Arizona · first_building Barracks |
| 23:17 | ComandanteSierra · wall_segment Stone Wall x7 |
| 23:17 | Arizona · wall_segment Stone Wall x1 |
| 23:26 | jorqe111 · wall_segment Stone Wall x7 |
| 23:27 | .cHikaNo. · first_market_buy 100 food |
| 23:27 | ComandanteSierra · first_market_buy 100 wood |
| 23:35 | .cHikaNo. · tribute_sent a jugador 1 |
| 23:35 | .cHikaNo. · tribute_sent a jugador 3 |
| 23:35 | .cHikaNo. · tribute_sent a jugador 4 |
| 23:35 | .cHikaNo. · tribute_sent a jugador 5 |
| 23:35 | .cHikaNo. · tribute_sent a jugador 6 |
| 23:35 | .cHikaNo. · tribute_sent a jugador 7 |
| 23:35 | .cHikaNo. · tribute_sent a jugador 8 |
| 23:42 | Lord VanZaldua · age_up feudal |
| 23:42 | ComandanteSierra · wall_segment Stone Wall x7 |
| 23:59 | ComandanteSierra · first_building Castle |
| 24:08 | TheHoaN · first_building Stable |
| 24:08 | jorqe111 · first_building Siege Workshop |
| 24:13 | Lord VanZaldua · wall_segment Stone Wall x16 |
| 24:19 | jorqe111 · wall_segment Stone Wall x15 |
| 25:30 | TheHoaN · first_building Monastery |
| 25:40 | ® BLACK WOLF ® · first_building Castle |
| 26:19 | TheHoaN · first_building Siege Workshop |
| 26:31 | Lord VanZaldua · first_market_buy 100 food |
| 26:35 | Lord VanZaldua · first_market_sell 100 wood |
| 26:35 | .cHikaNo. · first_building Castle |
| 26:48 | TheHoaN · first_building Castle |
| 27:04 | Lord VanZaldua · wall_segment Stone Wall x13 |
| 27:29 | Arizona · age_up castle |
| 27:50 | ® BLACK WOLF ® · wall_segment Stone Wall x10 |
| 27:53 | ® BLACK WOLF ® · wall_segment Stone Wall x7 |
| 28:15 | .cHikaNo. · first_building Siege Workshop |
| 28:54 | ® BLACK WOLF ® · first_building Barracks |
| 28:59 | ® BLACK WOLF ® · wall_segment Stone Wall x3 |
| 29:18 | ® BLACK WOLF ® · first_building Siege Workshop |
| 29:49 | jorqe111 · first_building Castle |
| 29:54 | Lord VanZaldua · age_up castle |
| 30:15 | ® BLACK WOLF ® · first_building Stable |
| 30:28 | Arizona · first_market_sell 100 food |
| 30:29 | Arizona · first_market_buy 100 wood |
| 30:50 | jorqe111 · wall_segment Stone Wall x13 |
| 31:10 | jorqe111 · wall_segment Stone Wall x12 |
| 31:12 | Lord VanZaldua · wall_segment Stone Wall x8 |
| 31:29 | jorqe111 · wall_segment Stone Wall x10 |
| 31:32 | TheHoaN · age_up imperial |
| 31:47 | ® BLACK WOLF ® · first_building Archery Range |
| 32:35 | ® BLACK WOLF ® · age_up imperial |
| 33:38 | Arizona · first_building Castle |
| 34:04 | .cHikaNo. · first_building Barracks |
| 34:38 | .cHikaNo. · age_up imperial |
| 34:50 | Lord VanZaldua · first_building Siege Workshop |
| 35:02 | jorqe111 · wall_segment Stone Wall x14 |
| 35:04 | jorqe111 · wall_segment Stone Wall x17 |
| 35:10 | ComandanteSierra · wall_segment Stone Wall x9 |
| 35:22 | TheHoaN · first_building Archery Range |
| 35:23 | Lalopecia Chila · first_building Barracks |
| 36:23 | ComandanteSierra · wall_segment Stone Wall x10 |
| 36:27 | Lord VanZaldua · wall_segment Stone Wall x6 |
| 36:29 | Lord VanZaldua · wall_segment Stone Wall x5 |
| 36:31 | Lord VanZaldua · wall_segment Stone Wall x11 |
| 36:32 | ComandanteSierra · wall_segment Stone Wall x7 |
| 37:24 | ComandanteSierra · age_up imperial |
| 37:28 | ComandanteSierra · wall_segment Stone Wall x4 |
| 37:28 | Lalopecia Chila · first_building Archery Range |
| 37:36 | Lalopecia Chila · first_building Castle |
| 37:47 | Lord VanZaldua · first_building Castle |
| 38:36 | jorqe111 · wall_segment Stone Wall x15 |
| 38:38 | jorqe111 · wall_segment Stone Wall x1 |
| 38:39 | jorqe111 · wall_segment Stone Wall x1 |
| 38:41 | jorqe111 · wall_segment Stone Wall x1 |
| 38:41 | Lalopecia Chila · first_building Stable |
| 38:47 | ComandanteSierra · wall_segment Stone Wall x6 |
| 39:05 | .cHikaNo. · wall_segment Stone Wall x2 |
| 39:17 | jorqe111 · wall_segment Stone Wall x5 |
| 39:30 | ComandanteSierra · wall_segment Stone Wall x11 |
| 39:39 | .cHikaNo. · wall_segment Stone Wall x1 |
| 39:40 | .cHikaNo. · wall_segment Stone Wall x1 |
| 39:46 | ComandanteSierra · wall_segment Stone Wall x10 |
| 40:25 | Lord VanZaldua · wall_segment Stone Wall x11 |
| 40:27 | jorqe111 · wall_segment Stone Wall x22 |
| 40:41 | ComandanteSierra · wall_segment Stone Wall x16 |
| 40:56 | Lalopecia Chila · first_market_sell 500 wood |
| 41:12 | Arizona · age_up imperial |
| 41:14 | ComandanteSierra · wall_segment Stone Wall x3 |
| 41:27 | ComandanteSierra · wall_segment Stone Wall x7 |
| 41:40 | Lord VanZaldua · wall_segment Stone Wall x11 |
| 42:28 | Arizona · first_building Siege Workshop |
| 42:32 | Lord VanZaldua · wall_segment Stone Wall x15 |
| 42:36 | TheHoaN · first_market_sell 500 wood |
| 42:48 | ComandanteSierra · resign |
| 43:06 | .cHikaNo. · first_building Monastery |
| 43:25 | jorqe111 · wall_segment Stone Wall x13 |
| 43:28 | jorqe111 · wall_segment Stone Wall x19 |
| 43:41 | Lord VanZaldua · wall_segment Stone Wall x8 |
| 43:43 | Lord VanZaldua · wall_segment Stone Wall x4 |
| 44:08 | .cHikaNo. · wall_segment Stone Wall x1 |
| 44:13 | jorqe111 · age_up imperial |
| 44:59 | .cHikaNo. · wall_segment Stone Wall x1 |
| 45:00 | .cHikaNo. · wall_segment Stone Wall x1 |
| 45:12 | Lord VanZaldua · age_up imperial |
| 47:36 | jorqe111 · wall_segment Stone Wall x18 |
| 47:39 | jorqe111 · wall_segment Stone Wall x20 |
| 47:42 | jorqe111 · wall_segment Stone Wall x21 |
| 47:52 | jorqe111 · wall_segment Stone Wall x18 |
| 47:55 | jorqe111 · wall_segment Stone Wall x14 |
| 48:23 | .cHikaNo. · wall_segment Stone Wall x3 |
| 48:29 | Lord VanZaldua · wall_segment Stone Wall x7 |
| 48:31 | Lord VanZaldua · wall_segment Stone Wall x7 |
| 48:58 | Lord VanZaldua · wall_segment Stone Wall x5 |
| 50:04 | .cHikaNo. · wall_segment Stone Wall x2 |
| 50:05 | .cHikaNo. · wall_segment Stone Wall x1 |
| 50:08 | Lord VanZaldua · wall_segment Stone Wall x7 |
| 50:21 | .cHikaNo. · wall_segment Stone Wall x7 |
| 50:45 | .cHikaNo. · wall_segment Stone Wall x2 |
| 52:32 | .cHikaNo. · first_market_sell 500 food |
| 52:40 | .cHikaNo. · wall_segment Stone Wall x4 |
| 52:41 | .cHikaNo. · wall_segment Stone Wall x1 |
| 52:42 | .cHikaNo. · wall_segment Stone Wall x2 |
| 53:52 | .cHikaNo. · wall_segment Stone Wall x7 |
[ AI ANALYSIS · 1 CREDIT ]
What really happened in this match?
Wolo.gg analyzes every decision: build order, eco, micro, common mistakes by bracket. Personalized analysis on WhatsApp or Discord in 30 seconds.
Civ guide
Franks
Map guide
Black Forest
Perfil
Jugador #2284700